Map: Rainfall LE

Players

Hilton

  • Race: Terran Terran
  • League: Diamond
  • Spawn Location: 11:00

RipNHammer - Winner!

  • Race: Terran Terran
  • League: Master
  • Spawn Location: 5:00

VOD

Have the link to the VOD?

Description

Time

  • Played on: Sept. 6, 2026, 10:28 a.m.
  • Length: 16:00
Show
View Real Time Build Order
Export as new Build Order

Hilton Terran 

Build Orders: Liberator Opening 

Get SALT Encoding   

  8  0:00  SCV  
  9  0:12  SCV  
  10  0:24  SCV  
  10  0:28  Supply Depot  
  11  0:36  SCV  
  12  0:48  SCV  
  13  0:54  Barracks  
  13  1:00  SCV  
  14  1:06  Refinery  
  14  1:13  SCV  
  14  1:17  Refinery  
  15  1:25  SCV  
  16  1:37  SCV  
  17  1:46  Reaper  
  18  1:48  Supply Depot  
  18  1:58  Orbital Command  
  18  2:15  Factory  
  18  2:21  Reaper  
  19  2:24  SCV  
  20  2:36  SCV  
  21  2:48  SCV  
  22  3:00  SCV  
  23  3:05  Reaper  
  23  3:07  Factory Tech Lab  
  23  3:10  Starport  
  23  3:12  SCV  
  25  3:22  Command Center  
  22  3:35  Command Center  
  22  3:38  Cyclone  
  22  3:39  Reaper  
  26  3:45  Supply Depot  
  26  3:48  Liberator  
  29  4:07  SCV  
  29  4:09  Barracks  
  30  4:14  Barracks Reactor  
  30  4:19  SCV  
  31  4:28  Siege Tank  
  31  4:31  SCV  
  35  4:43  SCV  
  36  4:47  Supply Depot  
  36  4:48  Supply Depot, Orbital Command  
  36  4:55  SCV  
  36  4:58  Barracks Tech Lab, Marine  
  36  4:59  Marine  
  39  5:07  SCV  
  40  5:16  Marine, Orbital Command  
  40  5:19  SCV  
  40  5:21  Marine x2  
  42  5:24  Stimpack  
  42  5:28  Engineering Bay  
  44  5:34  Marine  
  45  5:36  Siege Tank  
  45  5:37  Starport Reactor  
  45  5:39  Marine x2  
  50  5:43  SCV  
  50  5:44  SCV  
  52  5:52  Marine  
  52  5:55  Terran Infantry Weapons Level 1  
  53  5:57  SCV x2  
  53  6:00  Marine, Missile Turret  
  53  6:02  Marine  
  57  6:09  Supply Depot, SCV  
  57  6:10  Marine  
  59  6:15  Siege Tank  
  59  6:18  Marine, SCV  
  63  6:19  Marine  
  63  6:21  SCV  
  63  6:25  Refinery  
  65  6:39  SCV x2, Marine x3  
  68  6:41  Viking x2  
  68  6:44  Supply Depot  
  73  6:51  SCV  
  73  6:54  Refinery  
  74  7:05  Marine x3  
  74  7:06  Siege Tank, SCV x2  
  80  7:23  Marine  
  80  7:24  Marauder  
  80  7:28  Marine  
  64  7:38  Siege Tank  
  64  7:41  Marine  
  65  7:45  Marine  
  65  7:47  Marine  
  64  7:59  Marine  
  64  8:01  Viking x2  
  64  8:02  Marine  
  64  8:05  Marine, Combat Shield  
  69  8:07  SCV x2  
  69  8:17  Marine  
  69  8:19  SCV x2  
  72  8:20  Marine  
  72  8:23  Marine  
  59  8:34  Siege Tank, Marine  
  59  8:38  Marine  
  59  8:40  Marine  
  60  8:41  SCV  
  60  8:42  SCV  
  60  8:47  Command Center  
  62  8:52  Marine  
  62  8:53  SCV  
  64  8:56  Marine  
  64  8:58  Marine  
  59  9:08  Siege Tank  
  59  9:10  Medivac, Marine  
  59  9:11  Medivac  
  59  9:14  Marine  
  59  9:16  Marine, SCV x2  
  68  9:18  Refinery  
  68  9:28  Marine  
  69  9:31  Marine  
  69  9:34  Marine  
  71  9:39  Barracks  
  71  9:40  Viking  
  71  9:42  Barracks  
  73  9:46  Marine  
  73  9:49  Marine  
  73  9:52  Marine, Siege Tank  
  79  9:55  SCV x2  
  81  10:00  Armory  
  81  10:04  Marine  
  81  10:06  Orbital Command  
  82  10:07  SCV, Marine  
  82  10:09  Marine  
  82  10:10  Missile Turret  
  82  10:11  Viking  
  87  10:17  Terran Infantry Armor Level 1  
  87  10:19  Viking  
  89  10:21  Marine  
  89  10:23  SCV x2  
  89  10:25  Marine  
  89  10:27  Marine  
  85  10:39  Siege Tank, Marine  
  85  10:41  Barracks Tech Lab  
  88  10:42  Barracks Tech Lab  
  88  10:43  Marine  
  88  10:46  Concussive Shells, Orbital Command  
  88  10:47  Marine  
  90  10:51  SCV x2  
  90  10:55  Missile Turret  
  92  10:59  Missile Turret  
  92  11:01  Marauder  
  92  11:02  Missile Turret  
  92  11:03  SCV  
  95  11:07  Supply Depot  
  95  11:08  Marine, SCV  
  97  11:12  Supply Depot  
  97  11:14  SCV  
  97  11:15  SCV  
  99  11:19  Marauder  
  99  11:20  SCV  
  102  11:26  Missile Turret  
  102  11:27  SCV  
  102  11:29  SCV  
  102  11:31  Supply Depot  
  102  11:32  Marauder  
  106  11:43  Sensor Tower  
  106  11:46  Marauder x2  
  110  11:47  SCV  
  110  11:48  Siege Tank  
  110  11:49  Viking  
  110  11:52  Viking  
  110  11:53  Marauder  
  120  11:56  Supply Depot  
  120  11:57  SCV  
  120  12:00  Supply Depot  
  121  12:07  Marauder  
  123  12:10  Barracks, Terran Infantry Weapons Level 2  
  123  12:13  Barracks, Marauder  
  125  12:16  Marauder  
  125  12:19  Viking, Terran Vehicle Weapons Level 1  
  125  12:20  Siege Tank  
  132  12:22  Supply Depot  
  132  12:31  Marauder  
  132  12:33  Viking  
  132  12:35  Marauder  
  140  12:37  Marauder  
  140  12:38  Refinery  
  139  12:48  Viking  
  141  12:54  Siege Tank  
  141  12:55  Marauder  
  141  12:56  Marauder  
  148  13:00  Marine, Marauder, Factory  
  148  13:05  Supply Depot  
  151  13:06  Command Center  
  151  13:08  Supply Depot  
  151  13:16  Sensor Tower  
  151  13:26  Marine x4  
  153  13:53  Command Center  
  127  14:03  Siege Tank  
  127  14:07  Marauder  
  130  14:10  Viking  
  130  14:20  Viking  
  130  14:21  Marine x2  
  130  14:22  Marine  
  130  14:23  Marauder  
  127  14:27  Marine  
  90  14:38  Marine x2  
  90  14:40  Viking, Marine  
  90  14:44  Marine, Factory Reactor  
  93  14:46  Marauder, Orbital Command  
  95  14:56  Marine x2  
  95  14:58  Marine  
  98  15:00  Viking  
  98  15:01  Marine  
  98  15:02  SCV x2  
  98  15:07  Orbital Command, Marine  
  103  15:10  Viking  
  106  15:14  Marine x2  
  106  15:16  Marine  
  106  15:19  Marine  
  108  15:24  Marine  
  104  15:31  Orbital Command  
  104  15:32  Marine x2  
  104  15:33  Marine  
  102  15:36  Widow Mine  
  102  15:37  Marine  
  102  15:42  Marine  
Show
View Real Time Build Order
Export as new Build Order

RipNHammer Terran - Winner!

Build Orders:  

Get SALT Encoding   

  8  0:00  SCV  
  9  0:12  SCV  
  10  0:24  SCV  
  11  0:36  SCV  
  11  0:39  Supply Depot  
  12  0:48  SCV  
  13  1:01  SCV  
  13  1:02  Barracks  
  14  1:06  Refinery  
  14  1:13  SCV  
  14  1:15  Refinery  
  15  1:25  SCV  
  16  1:37  SCV  
  17  1:50  Reaper, Orbital Command  
  18  2:05  Factory  
  18  2:17  Supply Depot  
  18  2:23  Reaper  
  18  2:24  SCV  
  20  2:40  SCV  
  21  2:52  Command Center  
  21  2:53  SCV  
  22  3:02  Hellion  
  22  3:03  Barracks Reactor  
  22  3:05  SCV  
  25  3:08  Supply Depot  
  25  3:17  SCV  
  26  3:29  Hellion, SCV  
  29  3:37  Starport  
  29  3:40  Marine  
  29  3:41  Marine  
  31  3:48  SCV  
  32  3:50  Factory Tech Lab  
  32  4:00  SCV  
  33  4:05  Orbital Command  
  33  4:08  Refinery  
  33  4:11  Cyclone  
  36  4:18  Starport Tech Lab  
  36  4:20  SCV  
  37  4:24  Marine  
  37  4:25  Marine  
  37  4:26  Refinery  
  37  4:41  Raven  
  37  4:42  Interference Matrix, SCV  
  37  4:43  SCV  
  41  4:47  Supply Depot  
  41  4:54  SCV  
  41  4:56  Siege Tank  
  45  5:01  SCV  
  46  5:15  SCV  
  46  5:20  Raven  
  46  5:21  SCV, Marine x2  
  50  5:27  SCV, Supply Depot  
  53  5:31  Siege Tank  
  56  5:37  Supply Depot  
  56  5:42  SCV  
  57  5:46  SCV  
  58  5:54  SCV  
  59  5:58  SCV  
  59  5:59  Marine  
  59  6:04  Siege Tank  
  64  6:06  SCV  
  64  6:11  SCV  
  66  6:12  Viking x2  
  66  6:18  Supply Depot, SCV  
  70  6:23  SCV  
  72  6:30  SCV  
  73  6:35  SCV  
  73  6:37  Siege Tank  
  73  6:42  SCV  
  73  6:44  Viking  
  76  6:47  SCV  
  76  6:48  Command Center  
  77  6:55  Factory  
  77  6:57  SCV  
  78  7:02  Supply Depot  
  77  7:09  Hellion  
  77  7:10  SCV  
  77  7:13  SCV  
  78  7:20  Viking x2  
  82  7:23  SCV  
  81  7:33  SCV  
  75  7:59  SCV x2  
  77  8:06  Siege Tank, Viking x2  
  77  8:11  SCV x2  
  86  8:19  Mag-Field Accelerator  
  86  8:20  Factory  
  86  8:21  Refinery  
  86  8:22  Factory  
  78  8:41  Viking  
  78  8:47  Cyclone  
  83  8:49  SCV x2  
  83  8:50  Orbital Command  
  85  9:01  SCV  
  86  9:02  Viking  
  86  9:03  Refinery  
  86  9:04  SCV  
  86  9:07  Factory Tech Lab  
  86  9:08  Factory Tech Lab  
  80  9:13  SCV  
  80  9:16  SCV  
  82  9:23  Cyclone  
  85  9:24  SCV  
  85  9:25  SCV  
  85  9:28  SCV  
  88  9:33  Cyclone, Siege Tank  
  88  9:34  Viking x2  
  88  9:37  Infernal Pre-Igniter  
  88  9:38  Factory, SCV  
  99  9:40  Engineering Bay  
  99  9:41  SCV x2  
  99  9:43  Command Center  
  101  9:46  Supply Depot x3  
  101  9:50  Armory, SCV  
  101  9:51  Armory  
  102  9:55  SCV  
  103  10:00  SCV, Hellion  
  106  10:12  SCV x3, Missile Turret  
  106  10:13  Sensor Tower  
  109  10:14  Missile Turret, Siege Tank  
  109  10:15  Hellion  
  109  10:20  Viking x2  
  118  10:21  Siege Tank  
  118  10:24  SCV  
  122  10:28  SCV  
  122  10:30  Supply Depot  
  122  10:31  Supply Depot  
  121  10:42  Siege Tank, Cyclone  
  127  10:44  Factory Reactor  
  127  10:46  Terran Vehicle Weapons Level 1  
  127  10:47  Terran Vehicle And Ship Armor Level 1  
  127  10:52  Missile Turret  
  127  10:53  Missile Turret  
  127  10:54  Cyclone  
  127  10:55  SCV  
  131  10:57  Orbital Command  
  131  11:02  Cyclone  
  134  11:08  Viking x2, Missile Turret  
  134  11:10  SCV x2  
  140  11:15  Missile Turret  
  140  11:20  Starport  
  140  11:21  Factory  
  140  11:26  SCV x2  
  140  11:27  Siege Tank  
  140  11:28  Cyclone  
  140  11:29  Hellion, Orbital Command  
  140  11:30  Hellion  
  152  11:36  Missile Turret  
  152  11:41  Viking  
  152  11:43  Liberator  
  152  11:45  Siege Tank  
  152  11:46  Cyclone  
  163  11:50  Supply Depot  
  163  11:57  Supply Depot x2  
  163  12:00  Starport Reactor  
  163  12:03  SCV  
  163  12:04  SCV x2  
  163  12:07  Factory Tech Lab  
  166  12:11  Command Center  
  166  12:14  SCV  
  167  12:15  SCV  
  167  12:17  SCV  
  167  12:18  Refinery  
  167  12:20  Sensor Tower  
  169  12:23  Refinery, Missile Turret  
  169  12:24  Missile Turret  
  169  12:26  SCV x2  
  169  12:27  Siege Tank  
  174  12:32  Siege Tank  
  174  12:34  SCV x2  
  179  12:37  Hellion  
  181  12:53  Siege Tank  
  181  12:54  Siege Tank  
  187  13:00  Hellion x2  
  191  13:08  Viking x2  
  191  13:09  Terran Vehicle Weapons Level 2, Terran Vehicle And Ship Armor Level 2  
  195  13:22  Command Center  
  195  13:28  Siege Tank  
  195  13:29  Hellion  
  198  13:43  Hellion  
  184  14:12  Cyclone, Siege Tank  
  184  14:13  Hellion  
  192  14:18  Cyclone, Siege Tank, Hellion  
  189  14:30  Cyclone, Liberator  
  189  14:31  Liberator, Viking x2  
  181  14:34  Hellion  
  187  14:40  Hellion  
  187  14:44  Siege Tank  
  187  14:45  Cyclone  
  195  14:50  Siege Tank  
  198  14:56  Hellion  
  200  15:08  Refinery  
  198  15:17  Cyclone  
  195  15:25  Refinery  
Tags
 
Matchup
TvT
Race
Terran
Replay Pack
RipNHammer
Spawn Locations
Cross Positions
Add a new tag
Caveats
  • Supply blocks, unpowered buildings, or Contaminate may cause inaccurate times.
  • Supply counts are checked every 10 seconds.